 Dungeon Crawl Stone Soup version 0.28-a0-828-g0121872642 (webtiles) character file.

Game seed: 4490275702417565360

0 meatgazer the Skirmisher (level 1, -4/18 HPs)
             Began as a Demonspawn Abyssal Knight on Nov 10, 2021.
             Was a Follower of Lugonu.
             Slain by a large abomination (22 damage)
             ... on level 3 of the Abyss.
             The game lasted 00:00:21 (154 turns).

meatgazer the Skirmisher (Demonspawn Abyssal Knight) Turns: 154, Time: 00:00:23

Health: -4/18      AC:  3    Str: 13    XL:     1   Next: 0%
Magic:  2/2        EV: 11    Int: 11    God:    Lugonu [*.....]
Gold:   20         SH:  0    Dex: 13    Spells: 0/0 levels left

rFire   . . .      SeeInvis .   a - +1 mace
rCold   . . .      Faith    .   (no shield)
rNeg    . . .      Spirit   .   b - +0 leather armour
rPois   .          Reflect  .   (no helmet)
rElec   .          Harm     .   (no cloak)
rCorr   .          Rampage  .   (no gloves)
Will    .....                   (no boots)
Stlth   +.........              (no amulet)
HPRegen 0.06/turn               (no ring)
MPRegen 0.08/turn               (no ring)

@: no status effects
A: no striking features
a: Renounce Religion, Depart the Abyss


You were on level 3 of the Abyss.
You worshipped Lugonu.
Lugonu was aware of your devotion.
You visited 0 branches of the dungeon, and saw 0 of its levels.
You visited the Abyss 1 time.

You collected 20 gold pieces.

Inventory:

Hand Weapons
 a - a +1 mace (weapon)
Armour
 b - a +0 leather armour (worn)


   Skills:
 + Level 3.0 Fighting
 + Level 1.7 Maces & Flails
 + Level 1.7 Armour
 + Level 0.8 Dodging
 + Level 2.4 Invocations


You couldn't memorise any spells.
You didn't know any spells.
Your spell library contained the following spells:

 Spells                   Type           Power      Damage    Failure   Level
 Gell's Gravitas          Tloc           0%         N/A       80%         3
 Teleport Other           Tloc           0%         N/A       80%         3
 Dispersal                Tloc           0%         N/A       100%        6


Dungeon Overview and Level Annotations

Branches:
Dungeon (0/15)

Altars:


Message History

Welcome, meatgazer the Demonspawn Abyssal Knight.
Will you prevail where others failed? Will you find the Orb of Zot?
Lugonu says: Depart the Abyss and spread corruption, my servant! (use the ability menu to exit the Abyss) Press ? for a list of commands and other information.
Found a flail.
Found a corrupted altar of Lugonu.
Found a gateway leading out of the Abyss.
Found a gateway leading deeper into the Abyss.
There is a gateway leading deeper into the Abyss here.
You plunge deeper into the Abyss.
Found 15 arrows.
Found a corrupted altar of Lugonu.
Found a rapier.
There is a corrupted altar of Lugonu here.
You pick up a There-And-Back Book and begin reading...
You add the spells Gell's Gravitas, Teleport Other and Dispersal to your library.
Found 23 arrows.
A large abomination comes into view.
The iron imp shouts, "Take thy face hence, thou mammering base-court swadder!"
Found a gateway leading deeper into the Abyss.
There is a gateway leading deeper into the Abyss here.
You plunge deeper into the Abyss.
The abyssal rune of Zot can be found at this depth.
You now have 20 gold pieces.
Unknown command.
A large abomination comes into view.
The large abomination completely misses you.
You hit the large abomination but do no damage.
The large abomination hits you but does no damage.
The large abomination misses you.
You hit the large abomination but do no damage.
The large abomination hits you!!
Ouch! That really hurt!
You die...

###. # ##..# ##
#.# ## . # #....
# #.. # ..# #.##
###.# ..##..#
#.#.## #..#
..#.#.#.##
..##..##.##..#.##
## ..#..#..####.#
# . #.@#.# ##.# .
.......X.## #.##
.
.♣♣.....♣♣#.##..#
. ♣♣..♣♣.♣♣ .
##...# . ##. .
.#.#### .. ♣ #...
#.# ♣ . ♣ . ...#
# ♣. ♣## .. .. ♣
.. . #


You could see a large abomination.

Vanquished Creatures (others)
  A demonic plant (Abyss:3)
  A lurking horror (Abyss:3)
2 creatures vanquished.

Notes
Turn   | Place    | Note
-------+----------+-------------------------------------------
     0 | Abyss:1  | meatgazer the Demonspawn Abyssal Knight began the quest for
                  | the Orb.
     0 | Abyss:1  | Reached XP level 1. HP: 18/18 MP: 2/2
    40 | Abyss:2  | Found a corrupted altar of Lugonu.
    59 | Abyss:2  | Noticed a large abomination
    61 | Abyss:2  | Noticed an iron imp
   151 | Abyss:3  | Noticed a large abomination
   154 | Abyss:3  | Slain by a large abomination

Illustrated notes

Levels and vault maps discovered:
Abyss:3:  base: Temple, hangedman_abyss_stitches_cave,
          evilmike_abyss_exit_plants

Action                   || total
-------------------------++-------
Melee: Mace              ||     2
Armor: Leather armour    ||     1
Dodge: Dodged            ||     2

Table legend: (Time is in decaauts)
 A = Elapsed time spent in this place.
 B = Non-inter-level travel time spent in this place.
 C = Inter-level travel time spent in this place.
 D = Time resting spent in this place.
 E = Time spent auto-exploring this place.
 F = Levels seen in this place.
 G = Mean time per level.
                   A        B        C        D        E       F      G
               +--------+--------+--------+--------+--------+-----+--------+
         Total |    153 |    153 |      0 |      0 |    119 |   3 |   51.0 |
         Abyss |    153 |    153 |      0 |      0 |    119 |   3 |   51.0 |
               +--------+--------+--------+--------+--------+-----+--------+

Top non-repeatable levels by time:
 Abyss:3: 77 daAuts
 Abyss:2: 39 daAuts
 Abyss:1: 37 daAuts
